 Dungeon Crawl Stone Soup version 0.18-a0-1639-g7533f42 (webtiles) character file.

119 dohliylev the Covert (level 4, -1/32 HPs)
             Began as a Vampire Enchanter on Mar 27, 2016.
             Killed from afar by an orc wizard (9 damage)
             ... with a magic dart
             ... on level 3 of the Dungeon.
             The game lasted 00:09:20 (2128 turns).

dohliylev the Covert (Vampire Enchanter)            Turns: 2128, Time: 00:09:21

Health: -1/32      AC:  0    Str:  7    XL:     4   Next: 73%
Magic:  2/7        EV: 20    Int: 17    God:
Gold:   88         SH:  0    Dex: 20    Spells: 2 memorised, 4 levels left

rFire  . . .     SeeInvis +     (weapon currently unavailable)
rCold  + . .     Gourm    .     (armour currently unavailable)
rNeg   + + .     Faith    .     (shield currently unavailable)
rPois  +         Spirit   .     (helmet currently unavailable)
rElec  .         Dismiss  .     (cloak currently unavailable)
rCorr  .         Reflect  .     (gloves currently unavailable)
SustAt .         Harm     .     (boots currently unavailable)
MR     .....                    (no amulet)
Stlth  ++........               (ring currently unavailable)
                                (ring currently unavailable)

@: confused, bat-form, flying, regenerating slowly, very quick, not resistant to
hostile enchantments, unstealthy
A: fangs 3, see invisible, (unbreathing)
a: End Transformation


You were on level 3 of the Dungeon.
You were very thirsty.
You were in vampire-bat-form.
You visited 1 branch of the dungeon, and saw 3 of its levels.

You collected 88 gold pieces.

Inventory:

Hand Weapons
 a - a +1 dagger (melded)
Armour
 b - a +1 robe (melded)
 p - a +0 pair of gloves (melded)
Jewellery
 g - a ring of wizardry (melded)
 r - a cursed ring of ice (melded)
Scrolls
 f - a scroll of blinking {unknown}
 h - a scroll of amnesia {unknown}
 j - 4 scrolls of identify {unknown}
 k - a scroll of enchant armour {unknown}
 l - a scroll of remove curse {unknown}
 q - a scroll of magic mapping {unknown}
Potions
 d - 17 potions of blood
 e - a potion of heal wounds {unknown}
 i - a potion of resistance {unknown}
 m - a potion of degeneration {unknown}
 n - 2 potions of haste {unknown}
 o - 2 potions of curing {unknown}
Books
 c - a book of Maledictions

   Spells                             Type                      Level
   a - Corona                         Hexes                        1
   b - Ensorcelled Hibernation        Hexes/Ice                    2
   c - Confuse                        Hexes                        3
   d - Tukima's Dance                 Hexes                        3
   e - Dazzling Spray                 Conjuration/Hexes            3


   Skills:
 + Level 1.0 Fighting
 - Level 1.1 Short Blades
 - Level 2.1 Dodging
 + Level 8.1 Stealth
 - Level 2.0 Spellcasting
 - Level 4.4 Hexes
 + Level 0.2 Ice Magic


You had 4 spell levels left.
You knew the following spells:

 Your Spells              Type           Power        Failure   Level  Hunger
a - Corona                Hex            ###....      3%          1    #......
b - Ensorcelled Hibernat  Hex/Ice        #.....       14%         2    ###....


Dungeon Overview and Level Annotations

Branches:
Dungeon (3/15)

Altars:
Okawaru
Pakellas
Qazlal
Ru
Trog
Yredelemnul


Innate Abilities, Weirdness & Mutations

You heal slowly.
You have razor-sharp teeth.
You have supernaturally acute eyesight.
((You can survive without breathing.))


Message History

The orc wizard points at you and mumbles some strange words.
The magic dart hits you!
The orc wizard gestures at you while chanting.
The magic dart hits you!
You fail to use your ability.
The orc wizard gestures at you while chanting.
The magic dart hits you!
* * * LOW HITPOINT WARNING * * *
You turn into a vampire bat.
Your +1 dagger melds into your body.
Your +0 pair of gloves melds into your body.
Your +1 robe melds into your body.
Your ring of wizardry melds into your body.
Your cursed ring of ice melds into your body.
The orc wizard casts a spell at you.
You are confused.
You see here a stone.
You bump into the rock wall.
The orc wizard casts a spell at you. The magic dart hits you!
You die...

#.#.##.#.....#..##..
#.#.............##..
##########......#..>.....##..
<............########.#......
.............# #.#####.#
.............# #.. #..
.......(......# #### ###
...........(...#
#..............b####
#.........(...(.'(.#
#...............##.#####
#............o..##)....#
#..........o....##.....#
#...............##.....#
#...............##.#####
#...............##.#
######.###########.#


You could see 2 orc wizards.

Vanquished Creatures
  Jessica (D:3)
  Ijyb (D:2)
  2 adders
  2 worms
  A giant gecko (D:1)
  An orc (D:3)
  6 bats
  3 giant cockroaches
  5 goblins
  7 hobgoblins
  A quokka (D:2)
  2 ball pythons
  3 giant newts
  6 kobolds
  6 rats
47 creatures vanquished.

Notes
Turn   | Place    | Note
--------------------------------------------------------------
     0 | D:1      | dohliylev the Vampire Enchanter began the quest for the Orb.
     0 | D:1      | Reached XP level 1. HP: 13/13 MP: 3/3
     2 | D:1      | Noticed a vine stalker
     4 | D:1      | Noticed a spriggan
     4 | D:1      | Noticed a naga
     6 | D:1      | Noticed a troll
     6 | D:1      | Noticed a ghoul
     8 | D:1      | Noticed a human
     8 | D:1      | Noticed a centaur
    10 | D:1      | Noticed a demigod
    10 | D:1      | Noticed a minotaur
    12 | D:1      | Noticed a halfling
    12 | D:1      | Noticed a felid
    14 | D:1      | Noticed a tengu
    16 | D:1      | Noticed a demonspawn
    16 | D:1      | Noticed an elf
    18 | D:1      | Noticed a gargoyle
    18 | D:1      | Noticed a formicid
    20 | D:1      | Noticed a vampire
    20 | D:1      | Noticed a merfolk
    22 | D:1      | Noticed a dwarf
    24 | D:1      | Noticed an ogre
    24 | D:1      | Noticed an octopode
    26 | D:1      | Noticed a draconian
    83 | D:1      | Reached skill level 5 in Stealth
   234 | D:1      | Reached XP level 2. HP: 19/19 MP: 5/5
   355 | D:1      | Found an iron altar of Okawaru.
   649 | D:2      | Found a sacrificial altar of Ru.
   693 | D:2      | Learned a level 2 spell: Ensorcelled Hibernation
   781 | D:2      | Noticed Ijyb
   823 | D:2      | Killed Ijyb
   823 | D:2      | Reached skill level 6 in Stealth
   823 | D:2      | Reached XP level 3. HP: 22/25 MP: 0/6
  1045 | D:2      | Found a basalt altar of Yredelemnul.
  1064 | D:2      | Found a bloodstained altar of Trog.
  1087 | D:2      | Found a stormy altar of Qazlal.
  1156 | D:2      | Reached skill level 7 in Stealth
  1291 | D:2      | Reached XP level 4. HP: 27/31 MP: 2/7
  1813 | D:3      | Found an oddly glowing altar of Pakellas.
  1837 | D:3      | Noticed Jessica
  1841 | D:3      | Killed Jessica
  1864 | D:3      | Reached skill level 1 in Fighting
  1907 | D:3      | Reached skill level 8 in Stealth
  2074 | D:3      | Noticed an orc warrior
  2128 | D:3      | Killed from afar by an orc wizard

Vault maps used:
D:1:      kb_arrival_jail, okawaru_ov_weapons_minmay
D:2:      nicolae_overflow_quartered_altars, uniq_iyjb
D:3:      grunt_pakellas_mercury, uniq_jessica

Skill      XL: |  1  2  3  4 |
---------------+-------------+-----
Stealth        | 5 6 7 8 |  8.1
Fighting       | 1 |  1.0
Short Blades   | |  1.1
Dodging        | |  2.1
Spellcasting   | |  2.0
Hexes          | |  4.4
Ice Magic      | |  0.2

Action                   |  1- 3 |  4- 6 || total
-------------------------+-------+-------++-------
Melee: Dagger            |   102 |    21 ||   123
 Cast: Corona            |     8 |       ||     8
       Ensorcelled Hiber |     6 |    12 ||    18
 Abil: Bat Form          |       |     1 ||     1
 Stab: Sleeping          |    14 |    12 ||    26
  Eat: Corpse            |     3 |       ||     3
